 Dungeon Crawl Stone Soup version 0.27-a0-978-g2aa4ecdaef (webtiles) character file.

Game seed: 11019570300211217311

180 HendSelp the Chiller (level 5, -3/43 HPs)
             Began as a Naga Ice Elementalist on Apr 14, 2021.
             Slain by Robin
             ... wielding a +0 mace
              (5 damage)
             ... on level 3 of the Dungeon.
             The game lasted 00:03:47 (3030 turns).

HendSelp the Chiller (Naga Ice Elementalist)        Turns: 3030, Time: 00:03:49

Health: -3/43      AC:  2    Str: 10    XL:     5   Next: 60%
Magic:  4/11       EV: 10    Int: 16    God:
Gold:   91         SH:  0    Dex: 12    Spells: 8/12 levels left

rFire    . . .     SeeInvis +   (no weapon)
rCold    . . .     Faith    .   (no shield)
rNeg     . . .     Spirit   .   a - +0 robe
rPois    +         Reflect  .   (no helmet)
rElec    .         Harm     .   (no cloak)
rCorr    .         Rampage  .   (no gloves)
Will     .....                  (no barding)
Stlth    ++........             (no amulet)
HPRegen  0.14/turn              (no ring)
MPRegen  0.12/turn              (no ring)

@: short of breath, freezing walls, very slow
A: AC +1, large, see invisible, deformed body, poison resistance, slowness 2,
spit poison 1, naga tail 1
a: Spit Poison


You were on level 3 of the Dungeon.
You visited 1 branch of the dungeon, and saw 3 of its levels.

You collected 91 gold pieces.

Inventory:

Armour
 a - a +0 robe (worn)
 f - a +0 ring mail
Scrolls
 c - 2 scrolls of teleportation
Potions
 b - a potion of haste {unknown}
 d - a potion of brilliance {unknown}


   Skills:
 - Level 0.5 Fighting
 - Level 1.5 Dodging
 - Level 3.0 Stealth
 * Level 4.0 Spellcasting
 + Level 5.3 Ice Magic


You had 8 spell levels left.
You knew the following spells:

 Your Spells              Type           Power      Damage    Failure   Level
a - Freeze                Ice            80%        1d9       1%          1
b - Frozen Ramparts       Ice            40%        1d6       5%          3

Your spell library contained the following spells:

 Spells                   Type           Power      Damage    Failure   Level
 Ozocubu's Armour         Ice            20%        N/A       5%          3
 Hailstorm                Conj/Ice       11%        3d5       50%         4
 Metabolic Englaciation   Hex/Ice        5%         N/A       83%         5


Dungeon Overview and Level Annotations

Branches:
Dungeon (3/15)

Altars:

Annotations:
D:3 Robin


Innate Abilities, Weirdness & Mutations

Your serpentine skin is tough. (AC +1)
You have supernaturally acute eyesight. (SInv)
Armour fits poorly on your strangely shaped body.
Your system is resistant to poisons. (rPois)
You cover ground very slowly.
You can spit poison.
You have a snake-like lower body.


Message History

The goblin misses you.
Robin roars a battlecry!
The goblins go into a battle-frenzy!
The goblin closely misses you. The goblin barely misses you.
The goblin hits you with a +0 club!
Casting: Frozen Ramparts (dangerous; 6% risk of failure)
Confirm with . or Enter, or press ? or * to list all spells.
Casting: Frozen Ramparts (dangerous; 6% risk of failure)
Press: ? - help, Dir - look around, f - activate The walls around you are covered in ice.
The wall freezes the goblin.
You kill the goblin!
The wall freezes the adder.
The wall freezes the goblin.
The goblin barely misses you.
The wall freezes the goblin.
You kill the goblin!
The wall freezes the goblin.
You kill the goblin!
The wall freezes Robin.
The wall freezes the goblin.
The goblin hits you with a +0 club.
* * * LOW HITPOINT WARNING * * *
The wall freezes the adder.
The adder seems to slow down.
The adder bites you.
* * * LOW HITPOINT WARNING * * *
Robin throws the goblin at you!
The wall freezes the goblin.
You kill the goblin!
Unknown command.
The wall freezes the adder.
You kill the adder!
Your Spellcasting skill increases to level 4!
Unknown command.
The wall freezes Robin.
Robin hits you with a +0 mace!
* * * LOW HITPOINT WARNING * * *
Unknown command.
Press: ? - help, Shift-Dir - straight line, f - Robin
Aim: Robin, wielding a +0 mace, wearing a +0 animal skin and wearing a +0 helmet (heavily wounded)
The splash of poison hits Robin but does no damage.
Robin is poisoned.
Robin is heavily wounded.
The wall freezes Robin.
Robin hits you with a +0 mace.
You die...

..# #.# #.#
######.#####
........).# ..
#..#.###@####...
#..#.#))g.......
#....))......... #
#..†#†.....)....
.#.##........####...
......#...#### ..
#.....)### . #
######)# # #)#


You could see Robin (poisoned).

Vanquished Creatures
  3 orc wizards (D:3)
  3 adders
  2 dart slugs (D:2)
  5 orcs (D:3)
  A ball python (D:2)
  3 bats
  4 endoplasms
  4 giant cockroaches
  13 goblins
  9 hobgoblins
  A jackal (D:1)
  A quokka (D:1)
  5 frilled lizards
  9 kobolds
  2 rats (D:2)
65 creatures vanquished.

Vanquished Creatures (others)
  8 plants (D:2)
8 creatures vanquished.

Grand Total: 73 creatures vanquished

Notes
Turn   | Place    | Note
-------+----------+-------------------------------------------
     0 | D:1      | HendSelp the Naga Ice Elementalist began the quest for the
                  | Orb.
     0 | D:1      | Reached XP level 1. HP: 15/15 MP: 3/3
   611 | D:1      | Reached XP level 2. HP: 22/22 MP: 3/5
   684 | D:1      | Found a faded altar of an unknown god.
  1767 | D:2      | Reached XP level 3. HP: 28/28 MP: 6/6
  2534 | D:2      | Reached XP level 4. HP: 37/37 MP: 8/8
  2548 | D:2      | Learned a level 3 spell: Frozen Ramparts
  2873 | D:3      | Reached skill level 5 in Ice Magic
  2882 | D:3      | Reached XP level 5. HP: 27/43 MP: 1/10
  3000 | D:3      | Noticed Robin
  3029 | D:3      | HP: 2/43 [Robin/+0 mace (8)]
  3030 | D:3      | Slain by Robin

Illustrated notes

Levels and vault maps discovered:
D:1:      dpeg_chamrin_arrival_tetris, layout_loops_corners,
          hellmonk_ecumenical_altar_pennies_from_heaven, minmay_small_reverse_x
D:2:      layout_rooms, st_stairs_7, chequers_big_river, due_unseen_surprise
D:3:      layout_loops_cross, general_overflow_altar,
          nicolae_overflow_hidden_temple, uniq_robin

Skill      XL: |  1  2  3  4  5 |
---------------+----------------+-----
Spellcasting   | 3 4 |  4.0
Ice Magic      | 5 |  5.3
Fighting       | |  0.5
Dodging        | |  1.5
Stealth        | |  3.0

Action                   |  1- 3 |  4- 6 || total
-------------------------+-------+-------++-------
Melee: Unarmed           |    29 |       ||    29
 Cast: Freeze            |    45 |     4 ||    49
       Frozen Ramparts   |       |     5 ||     5
 Abil: Spit Poison       |     9 |     3 ||    12
  Use: Scroll            |     1 |     2 ||     3
Armor: Robe              |    18 |       ||    18
Dodge: Dodged            |    45 |    15 ||    60

Table legend: (Time is in decaauts)
 A = Elapsed time spent in this place.
 B = Non-inter-level travel time spent in this place.
 C = Inter-level travel time spent in this place.
 D = Time resting spent in this place.
 E = Time spent auto-exploring this place.
 F = Levels seen in this place.
 G = Mean time per level.
                   A        B        C        D        E       F      G
               +--------+--------+--------+--------+--------+-----+--------+
         Total |   3633 |   3555 |     78 |     28 |   3166 |   3 | 1211.0 |
       Dungeon |   3633 |   3555 |     78 |     28 |   3166 |   3 | 1211.0 |
               +--------+--------+--------+--------+--------+-----+--------+

Top non-repeatable levels by time:
     D:1: 1815 daAuts
     D:2: 1613 daAuts
     D:3: 203 daAuts
